 Dungeon Crawl Stone Soup version 0.31-a0-977-gc230f8ef24 (webtiles) character file.

Game seed: 14285226297898209916

220 demibob the Charlatan (level 5, 0/31 HPs)
             Began as a Deep Elf Chaos Knight on Oct 29, 2023.
             Was a Plaything of Xom.
             Slain by an iguana (12 damage)
             ... on level 4 of the Dungeon.
             The game lasted 00:03:59 (2841 turns).

demibob the Charlatan (Deep Elf Chaos Knight)       Turns: 2841, Time: 00:04:00

Health: 0/31       AC:  7    Str:  8 (9)  XL:     5   Next: 64%
Magic:  7/7        EV: 12    Int: 16 (19) God:    Xom [..*...]
Gold:   191        SH:  0    Dex: 14      Spells: 4/4 levels left

rFire   . . .        a - +0 spear (chaos)
rCold   . . .        (no shield)
rNeg    . . .        b - +2 leather armour
rPois   .            (no helmet)
rElec   .            (no cloak)
rCorr   .            (no gloves)
SInv    .            h - +1 pair of boots
Will    .....        (no amulet)
Stlth   +            (no ring)
HPRegen 0.25/turn    (no ring)
MPRegen 0.10/turn

%: no passive effects
@: no status effects
A: deterioration 1
a: Renounce Religion


You were on level 4 of the Dungeon.
You worshipped Xom.
You were a toy of Xom.
You visited 1 branch of the dungeon, and saw 4 of its levels.

You collected 191 gold pieces.


Innate Abilities, Weirdness & Mutations

Your body sometimes deteriorates upon taking damage.


   Skills:
 - Level 2.4 Fighting
 + Level 3.7 Polearms
 - Level 0.7 Armour
 - Level 2.4 Dodging
 + Level 4.1 Evocations


You had 4 spell levels left.
You didn't know any spells.
Your spell library contained the following spells:

 Spells                   Type           Power      Damage    Failure   Level
 Dazzling Flash           Conj/Hex       0%         N/A       71%         3
 Inner Flame              Hex/Fire       0%         N/A       71%         3
 Volatile Blastmotes      Fire/Tloc      0%         2d10      71%         3
 Vhi's Electric Charge    Tloc/Air       0%         N/A       98%         4
 Arcjolt                  Conj/Air       0%         1d10      100%        5
 Plasma Beam              Fire/Air       0%         2x1d10    100%        6
 Starburst                Conj/Fire      0%         6d3       100%        6
 Maxwell's Capacitive Co  Air            0%         ∞         100%        8

Inventory:

Hand Weapons
 a - a +0 spear of chaos (weapon)
Missiles
 d - 12 poisoned darts
Armour
 b - a +2 leather armour (worn)
 h - a +1 pair of boots (worn)
Jewellery
 C - a ring of ice
Scrolls
 c - a scroll of butterflies
 e - 3 scrolls of identify {@r1}
 f - a scroll of amnesia

Dungeon Overview and Level Annotations

Branches:
Dungeon (4/15)
 Temple: D:4-7

Altars:
Gozag

####...~....#
##.....≈≈≈≈≈≈≈##
........#.......#### ###
###.....#######....##...
#.....# ##.........
#.....# #..........
#.....# #..........
#####..# #..l=.!.... #.#
#.@.......
#..######....#... .
#..#.....####
..##....#### #
.........## ##
.>........# .##
..#.......# ..#####
#.......########
...S.......[.....†.#...#


You could see an iguana (fast).


Message History

Found a stone staircase leading down.
An iguana comes into view.
Found a blackened pearl ring.
The iguana hisses angrily.
You hit the iguana but do no damage.
The iguana seems to speed up.
The iguana bites you but does no damage.
The iguana barely misses you.
You hit the iguana.
The iguana is moderately wounded.
The iguana bites you.
You barely miss the iguana.
The iguana is moderately wounded.
The iguana misses you.
You barely miss the iguana.
The iguana is moderately wounded.
The iguana misses you. The iguana closely misses you.
You hit the iguana.
The iguana is moderately wounded.
The iguana bites you!
You hit the iguana. You burn the iguana.
The iguana is heavily wounded.
The iguana bites you.
* * * LOW HITPOINT WARNING * * *
Your body deteriorates!
You feel dopey. The iguana bites you.
* * * LOW HITPOINT WARNING * * *
You closely miss the iguana.
The iguana is heavily wounded.
The iguana bites you!
You die...

Skill      XL: |  1  2  3  4  5 |
---------------+----------------+-----
Evocations     | 1 2 3 4 |  4.1
Polearms       | 3 |  3.7
Fighting       | |  2.4
Armour         | |  0.7
Dodging        | |  2.4

Action                     |  1- 3 |  4- 6 || total
---------------------------+-------+-------++-------
  Melee: Spear             |   162 |   147 ||   309
         Punch             |     2 |     4 ||     6
    Use: Scroll            |     6 |       ||     6
         Potion            |     1 |     3 ||     4
   Stab: Sleeping          |     5 |     1 ||     6
         Petrified         |       |     4 ||     4
         Petrifying        |       |     1 ||     1
 Armour: Leather armour    |    65 |    79 ||   144
  Dodge: Dodged            |    90 |    75 ||   165

Levels and vault maps discovered:
D:1:      amcnicky_arrival_single_pillar, layout_rooms, serial_forest,
          infiniplex_forest_clump_small, infiniplex_forest_clump_tiny,
          infiniplex_forest_straight_3, infiniplex_forest_lined_3,
          infiniplex_forest_clump_small, infiniplex_forest_zigzag_1,
          infiniplex_forest_straight_2, infiniplex_forest_pool, st_stairs_3
D:2:      layout_basic, basic_altar, minmay_misc_feat_pillars, minmay_surrounded
D:3:      layout_basic, basic_ecumenical_altar
D:4:      layout_rooms, kennysheep_mini_moat, chequers_serial_rivers_micro_e,
          hangedman_abyss_or_decor_passed, grunt_ministairs_12

Notes
Turn   | Place    | Note
-------+----------+-------------------------------------------
     0 | D:1      | demibob the Deep Elf Chaos Knight began the quest for the
                  | Orb.
     0 | D:1      | Reached XP level 1. HP: 13/13 MP: 3/3
   100 | D:1      | Reached skill level 1 in Evocations
   113 | D:1      | Reached XP level 2. HP: 18/18 MP: 4/4
   396 | D:1      | XOM: silly message
   460 | D:1      | Got Siuvut's Secrets of Gusts and Oxidation
   463 | D:1      | XOM: silly message
   517 | D:1      | XOM: silly message
   788 | D:2      | XOM: stealth player
   823 | D:2      | Reached skill level 2 in Evocations
   823 | D:2      | Reached XP level 3. HP: 16/22 MP: 5/5
  1027 | D:2      | XOM: smoke on damage
  1058 | D:2      | XOM: butterfly on damage
  1110 | D:2      | XOM: silly message
  1126 | D:2      | Found an opulent altar of Gozag.
  1211 | D:2      | XOM: cloud trail
  1630 | D:3      | Identified the +3 chain mail "Ivvan" {Int+3}
  1786 | D:3      | Reached skill level 3 in Polearms
  1786 | D:3      | Reached XP level 4. HP: 24/27 MP: 6/6
  1802 | D:3      | Reached skill level 3 in Evocations
  1921 | D:3      | Found a faded altar of an unknown god.
  2308 | D:3      | XOM: divination: magic mapping
  2313 | D:3      | XOM: cast spell 'Call Canine Familiar'
  2323 | D:3      | Identified a potion of resistance
  2325 | D:3      | Reached XP level 5. HP: 6/31 MP: 7/7
  2409 | D:3      | XOM: cloud trail
  2494 | D:3      | XOM: give mutation
  2494 | D:3      | Gained mutation: Your body sometimes deteriorates upon
                  | taking damage. [Xom's mischief]
  2771 | D:4      | XOM: 2-stop teleportation journey
  2776 | D:4      | XOM: swap monsters
  2782 | D:4      | Reached skill level 4 in Evocations
  2841 | D:4      | Slain by an iguana

Vanquished Creatures
  A scorpion (D:4)
  A sleepcap (D:3)
  4 gnolls (D:3)
  An adder (D:4)
  5 worms
  2 dart slugs
  An orc (D:3)
  7 bats
  6 endoplasms
  2 giant cockroaches
  7 goblins
  7 hobgoblins
  4 quokkas
  6 ball pythons
  A frilled lizard (D:3)
  12 kobolds
  2 rats (D:1)
69 creatures vanquished.

Vanquished Creatures (collateral kills)
  A worm (D:2)
1 creature vanquished.

Grand Total: 70 creatures vanquished

Table legend: (Time is in decaauts)
 A = Elapsed time spent in this place.
 B = Non-inter-level travel time spent in this place.
 C = Inter-level travel time spent in this place.
 D = Time resting spent in this place.
 E = Time spent auto-exploring this place.
 F = Levels seen in this place.
 G = Mean time per level.
                   A        B        C        D        E       F      G
               +--------+--------+--------+--------+--------+-----+--------+
         Total |   2827 |   2763 |     64 |      3 |   2197 |   4 |  706.8 |
       Dungeon |   2827 |   2763 |     64 |      3 |   2197 |   4 |  706.8 |
               +--------+--------+--------+--------+--------+-----+--------+

Top non-repeatable levels by time:
     D:3: 1021 daAuts
     D:1: 786 daAuts
     D:2: 736 daAuts
     D:4: 282 daAuts

Table legend:
 A = Non-vault XP
 B = Vault XP
 C = Vault XP percentage of total XP
 D = Non-vault monster count
 E = Vault monster count
 F = Vault count percentage of total count
                 A         B        C        D         E       F
            +---------+---------+-------+---------+---------+-------
      Total |     300 |      15 |   4.8 |      60 |       9 |  13.0
            +---------+---------+-------+---------+---------+-------
        D:1 |      30 |       5 |  14.3 |      17 |       3 |  15.0
        D:2 |      32 |      10 |  23.8 |      15 |       6 |  28.6
        D:3 |     128 |       0 |   0.0 |      20 |       0 |   0.0
        D:4 |     110 |       0 |   0.0 |       8 |       0 |   0.0
            +---------+---------+-------+---------+---------+-------
